 Dungeon Crawl Stone Soup version 0.22-b1-26-g9dbaab1 (webtiles) character file.

163640 Nilihum the Spry (level 17, -1/149 HPs)
             Began as a Merfolk Gladiator on Aug 6, 2018.
             Was the Champion of Trog.
             Blown up by an orb spider (29 damage)
             ... with an orb of destruction
             ... on level 1 of the Spider Nest.
             The game lasted 01:35:35 (37479 turns).

Nilihum the Spry (Merfolk Gladiator)               Turns: 37479, Time: 01:35:36

Health: -1/149     AC: 17    Str: 15    XL:     17   Next: 54%
Magic:  5/5        EV: 28    Int:  8    God:    Trog [******]
Gold:   2103       SH:  0    Dex: 21    Spells: 16/16 levels left

rFire    . . .     SeeInvis +   b - +2 glaive (antimagic)
rCold    + . .     Gourm    .   (shield currently unavailable)
rNeg     . . .     Faith    .   E - +0 swamp dragon scales
rPois    +         Spirit   .   (helmet restricted)
rElec    .         Reflect  .   v - +1 cloak
rCorr    .         Harm     .   U - +0 pair of gloves
MR       +....                  p - +2 pair of boots of the Assassin {Detection Stab+ Stlth++}
Stlth    +++.......             (no amulet)
HPRegen  0.34/turn              q - ring of poison resistance {rPois, !d}
MPRegen  0.09/turn              I - ring of Liodd {+Inv SInv}

@: no status effects
A: change form in water, swift swim, stealthy swim, horns 2, cold resistance 1,
evolution 1
}: 1/15 runes: decaying
a: Berserk, Trog's Hand, Brothers in Arms, Renounce Religion, Evoke Invisibility


You were on level 1 of the Spider Nest.
You worshipped Trog.
Trog was exalted by your worship.
You were very hungry.

You visited 6 branches of the dungeon, and saw 29 of its levels.
You also visited: Labyrinth and Ice Cave.

You collected 2779 gold pieces.
You spent 676 gold pieces at shops.

Inventory:

Hand Weapons
 a - a +8 trident of flaming
 b - a +2 antimagic glaive (weapon)
   (Trog gifted it to you on level 12 of the Dungeon)
Missiles
 d - 4 throwing nets {=f, !d}
 k - 5 tomahawks (quivered)
 Q - 5 tomahawks of returning
Armour
 j - a +2 ring mail of cold resistance
   (You found it on level 5 of the Dungeon)
 p - the +2 pair of boots of the Assassin (worn) {Detection Stab+ Stlth++}
   (You acquired it on level 2 of the Orcish Mines)

   It makes you much more stealthy.
 v - a +1 cloak (worn)
   (You took it off a white draconian in an ice cave)
 z - a +2 helmet
   (You found it in a labyrinth)
 E - +0 swamp dragon scales (worn)
   (You found it on level 2 of the Swamp)
 U - a +0 pair of gloves (worn)
   (You found it on level 11 of the Dungeon)
Magical Staves
 s - an uncursed staff of death {unknown}
   (You found it on level 14 of the Dungeon)
 C - an uncursed staff of death {unknown}
   (You found it in an ice cave)
Jewellery
 m - the ring of Econid {rCorr rN+}
   (You found it on level 6 of the Lair of Beasts)

   [ring of resist corrosion]

   It protects you from negative energy.
 o - an uncursed ring of protection from magic {MR+, !d}
   (You found it on level 3 of the Dungeon)
 q - a ring of poison resistance (left hand) {rPois, !d}
   (You found it on level 13 of the Dungeon)
 x - an uncursed ring of protection from cold {rC+, !d}
   (You found it in an ice cave)
 B - an uncursed ring of ice {rC+, rF-}
   (You found it in an ice cave)
 I - the ring of Liodd (right hand) {+Inv SInv}
   (You found it in a labyrinth)

   [ring of see invisible]

   It lets you see invisible.
   It lets you turn invisible.
 J - an uncursed ring of protection from fire {rF+, !d}
   (You found it on level 6 of the Dungeon)
 K - an uncursed ring of protection from fire {rF+, !d}
   (You took it off an orc warrior on level 10 of the Dungeon)
 M - an uncursed ring of protection from magic {MR+, !d}
   (You found it on level 3 of the Swamp)
Wands
 i - a wand of iceblast (10)
   (You found it in an ice cave)
 n - a wand of digging (51)
   (You found it on level 2 of the Lair of Beasts)
 r - a wand of clouds (7)
   (You found it in an ice cave)
 w - a wand of flame (59)
   (You found it on level 15 of the Dungeon)
 F - a wand of enslavement (24)
   (You found it on level 2 of the Swamp)
Scrolls
 c - 3 scrolls of identify
 e - 3 scrolls of magic mapping {!r}
 l - 8 scrolls of enchant armour
 t - 3 scrolls of blinking {!r}
 u - 5 scrolls of teleportation
 y - 7 scrolls of fog
 A - 11 scrolls of remove curse
 N - a scroll of fear
Potions
 g - a potion of resistance
 h - 2 potions of invisibility
 D - a potion of magic
 G - a potion of flight
 H - 11 potions of curing
 O - 4 potions of haste
 P - 5 potions of brilliance
Comestibles
 f - 42 rations


   Skills:
 + Level 17.8 Fighting
 - Level 20.0 Polearms
 * Level 3.2 Throwing
 - Level 10.0 Armour
 + Level 20.7 Dodging


You had 16 spell levels left.
You didn't know any spells.
Your spell library was empty.

Dungeon Overview and Level Annotations

Branches:
Dungeon (15/15)            Temple (1/1) D:7            Lair (6/6) D:11
  Swamp (4/4) Lair:4       Spider (1/4) Lair:4        Slime (0/5) Lair:6
    Orc (2/2) D:12            Elf (0/3) Orc:2        Vaults (0/5) D:13
 Depths (0/5) D:15

Altars:
Ashenzari
Cheibriados
Dithmenos
Elyvilon
Fedhas
Gozag
Hepliaklqana
Kikubaaqudgha
Makhleb
Nemelex Xobeh
Okawaru
Qazlal
Ru
Sif Muna
Trog
Uskayaw
Vehumet
Wu Jian
Xom
Yredelemnul
Zin
The Shining One

Shops:
D:8 *   D:10 }   D:11 }   Orc:2 =[*(

Portals:
Trove: D:15 (give +6 demon whip)

Annotations:
Swamp:3 3 runed doors, Joev's ghost, adept CeFi
Swamp:4 3 runed doors, Eqorig's ghost, journeyman TrMo; Lernaean hydra


Innate Abilities, Weirdness & Mutations

You revert to your normal form in water.
You are very nimble and swift while swimming.
You are very stealthy in the water. (Stealth+)
You have a pair of horns on your head.
Your flesh is cold resistant. (rC+)
You evolve.


Message History

The orb spider spins a strand of pure energy.
You climb upwards.
Welcome back to the Lair of Beasts!
There is a hole to the Spider Nest here.
Unknown command.
You start resting.
You recover from your berserk rage.
Unknown command.
You start resting.
You are feeling very hungry.
You start resting.
Health restored: 149 You climb downwards.
Welcome back to the Spider Nest!
This branch contains the gossamer rune of Zot.
The jumping spider misses you. The jumping spider bites you.
There is a crawl-hole back to the Lair, spattered with blood here.
You see here a runed great sword {god gift}.
You take 1 damage, and have 148/149 hp.
You slice the jumping spider!!
You kill the jumping spider!
Trog accepts your kill.
You hear an angry hiss.
Throwing (i - inventory. (/) - cycle)
k - 10 tomahawks (quivered)
Aim: an orb spider (fully charged)
You throw a tomahawk. The tomahawk hits the orb spider.
An orb spider comes into view.
Throwing (i - inventory. (/) - cycle)
k - 9 tomahawks (quivered)
Aim: an orb spider (lightly wounded, fully charged)
You throw a tomahawk.
The tomahawk barely misses the orb spider.
The orb spider weaves a glowing orb of energy.
An orb of destruction comes into view.
Health restored: 149 Throwing (i - inventory. (/) - cycle)
k - 8 tomahawks (quivered)
Aim: an orb spider (lightly wounded)
You throw a tomahawk. The tomahawk hits the orb spider.
The orb spider spins a strand of pure energy. x2
Throwing (i - inventory. (/) - cycle)
k - 7 tomahawks (quivered)
Aim: an orb spider (lightly wounded, fully charged)
You throw a tomahawk. The tomahawk hits the orb spider.
The orb of destruction hits you!
The orb spider weaves a glowing orb of energy.
An orb of destruction comes into view.
You take 44 damage, and have 105/149 hp.
MASSIVE DAMAGE!!
Your legs become a tail as you enter the water.
The +2 pair of boots of the Assassin {Detection Stab+ Stlth++} melds into your body.
The orb spider weaves a glowing orb of energy.
An orb of destruction comes into view.
You see here a demonic crawler corpse.
Throwing (i - inventory. (/) - cycle)
k - 6 tomahawks (quivered)
Aim: an orb spider (moderately wounded)
You throw a tomahawk.
The tomahawk barely misses the orb spider.
The orb of destruction hits you!
The orb spider pulsates with a strange energy.
You take 23 damage, and have 83/149 hp.
You are too injured to fight recklessly!
You are too injured to fight recklessly!
You are too injured to fight recklessly!
The +2 pair of boots of the Assassin {Detection Stab+ Stlth++} unmelds from your body.
You are too injured to fight recklessly!
You are too injured to fight recklessly!
You are too injured to fight recklessly!
Attack whom?
Aim: an orb spider (moderately wounded, fully charged)
You reach to attack!
You hit the orb spider.
The orb spider's magic leaks into the air.
The orb spider falters for a moment.
Attack whom?
Aim: an orb spider (moderately wounded, fully charged)
You reach to attack!
You slash the orb spider!
The orb spider's magic leaks into the air.
The orb of destruction hits a rock wall.
Attack whom?
Aim: an orb spider (heavily wounded, fully charged)
You reach to attack!
You slice the orb spider!!
The orb spider's magic leaks into the air.
Attack whom?
Aim: an orb spider (almost dead, fully charged)
You reach to attack!
You hit the orb spider but do no damage.
The orb spider spins a strand of pure energy.
The orb spider weaves a glowing orb of energy.
An orb of destruction comes into view.
The wavering orb of destruction hits you!
You take 24 damage, and have 61/149 hp.
You hit the orb spider.
The orb spider's magic leaks into the air.
Your headbutt misses the orb spider.
The orb spider pulsates with a strange energy.
The orb spider weaves a glowing orb of energy.
An orb of destruction comes into view.
The orb spider weaves a glowing orb of energy.
The wavering orb of destruction hits you!
* * * LOW HITPOINT WARNING * * *
An orb of destruction comes into view.
You take 33 damage, and have 28/149 hp.
MASSIVE DAMAGE!!
The orb of destruction hits you!
You die...

^......ss#y..≈.....#
....(.((/(s†..s.≈....#
..(......#..#.≈≈#..###
.........######≈####
[..........# #≈≈#
.....(.....###s≈#
............##≈≈##
......?(...# ##≈≈#
....(..@..# ##≈≈##
.......§.(###≈≈##
.....ss(.§s#≈≈≈##
....#...(...≈≈≈≈#
............≈≈≈≈##
..........††..≈≈≈#
....(....≈≈<.^#≈≈≈≈#
......>......≈≈≈≈≈≈#
.............^#≈≈≈≈#


You could see 3 orb spiders.

Vanquished Creatures
  Rupert (Lair:3)
  Frances (D:14)
  Gastronok (Lair:2)
  A thorn hunter (Swamp:3)
  Nessos (D:13)
  A white draconian (IceCv)
  Snorg (D:11)
  A fire dragon (Lair:6)
  2 vault guards
  2 centaur warriors
  2 ghost crabs
  23 hydras
  11 alligators
  2 ogre magi
  5 two-headed ogres
  A tengu warrior (D:15)
  4 orc high priests
  2 death yaks (IceCv)
  Urug (Lair:1)
  9 spriggans
  A hell knight (D:15)
  4 skeletal warriors
  4 unseen horrors
  3 orc knights (Orc:2)
  10 swamp dragons
  2 spriggan druids
  Pikel (D:6)
  A lindwurm (Lair:6)
  An oklob plant (Lair:4)
  An orb spider (Spider:1)
  2 manticores
  A wolf spider zombie (D:14)
  5 orc sorcerers
  4 wolf spiders (Spider:1)
  2 cyclopes
  12 ugly things
  8 elephants
  2 molten gargoyles (Lair:6)
  10 black mambas
  An ice statue (IceCv)
  12 spiny frogs
  2 rime drakes
  2 demonic crawlers (Spider:1)
  11 komodo dragons
  6 kobold demonologists
  10 jumping spiders (Spider:1)
  2 queen bees
  3 meliai (D:14)
  9 trolls
  A tengu conjurer (D:15)
  14 polar bears (IceCv)
  21 slime creatures
  6 tyrant leeches
  10 dream sheep
  16 blink frogs
  12 hornets
  6 bog bodies
  A hippogriff (shapeshifter) (D:15)
  11 hippogriffs
  13 redbacks
  A tarantella (Spider:1)
  3 shadows
  Grum (D:10)
  4 steam dragons
  5 wyverns
  10 vampire mosquitoes
  56 yaks
  3 hungry ghosts
  3 basilisks
  10 insubstantial wisps
  7 wargs
  17 swamp worms
  4 hell hounds (Lair:6)
  5 porcupines
  10 water moccasins
  15 swamp drakes
  24 orc warriors
  A slave (D:6)
  An eye of draining (D:14)
  3 ice beasts
  4 black bears
  17 ogres
  A sky beast (D:11)
  14 centaurs
  18 wolves
  6 big kobolds
  6 crocodiles
  9 bullfrogs
  7 gnoll sergeants
  A wyvern zombie (D:13)
  An earth elemental (Lab)
  A wyvern skeleton (D:8)
  4 scorpions
  53 killer bees
  9 jellies
  An oklob sapling (D:7)
  7 wights
  5 howler monkeys
  4 crimson imps
  4 lava snakes (Lair:6)
  3 centaur zombies
  2 bullfrog skeletons (D:5)
  A bullfrog zombie (D:12)
  5 hounds
  14 orc priests
  5 centaur skeletons
  14 orc wizards
  Jessica (D:3)
  Ijyb (D:4)
  Natasha (thrice) (D:2)
  5 iguanas
  14 worker ants
  23 gnolls
  A howler monkey skeleton (D:9)
  9 adders
  5 shadow imps
  16 oozes
  An adder skeleton (D:8)
  2 worms (D:3)
  5 dart slugs
  4 leopard geckos
  88 orcs
  7 giant cockroaches
  10 hobgoblins
  15 jackals
  4 quokkas
  A ball python (D:7)
  4 bats
  4 frilled lizards
  14 goblins
  20 kobolds
  A leopard gecko zombie (D:5)
  8 rats
  A fungus (Orc:2)
  A plant (D:7)
982 creatures vanquished.

Vanquished Creatures (collateral kills)
  An orc warlord (Orc:2)
  A minotaur (Lab)
  A yaktaur captain (D:15)
  A deep elf archer (D:15)
  A basilisk (D:15)
  A sky beast (D:15)
  An orc warrior (D:15)
  2 orcs (D:15)
9 creatures vanquished.

Vanquished Creatures (others)
  A slave (D:6)
  A wolf (IceCv)
  A gnoll sergeant (D:6)
  A gnoll (D:6)
  An orc (Orc:2)
  A jackal (D:9)
  23 fungi
  7 plants
36 creatures vanquished.

Grand Total: 1027 creatures vanquished

Notes
Turn   | Place    | Note
-------+----------+-------------------------------------------
     0 | D:1      | Nilihum the Merfolk Gladiator began the quest for the Orb.
     0 | D:1      | Reached XP level 1. HP: 16/16 MP: 1/1
    65 | D:1      | Reached XP level 2. HP: 16/23 MP: 2/2
   316 | D:1      | Reached skill level 5 in Polearms
   476 | D:1      | Reached XP level 3. HP: 27/28 MP: 3/3
   886 | D:1      | Nilihum: ??pearl dragon arm
   886 | D:1      | beem: I don't have a page labeled pearl_dragon_arm in my learndb.
  1027 | D:2      | Reached skill level 3 in Fighting
  1204 | D:2      | Reached XP level 4. HP: 35/35 MP: 4/4
  1323 | D:2      | Reached skill level 6 in Polearms
  1377 | D:2      | Noticed Natasha
  1386 | D:2      | Killed Natasha
  1433 | D:2      | Noticed Natasha
  1438 | D:2      | Killed Natasha
  1438 | D:2      | Reached skill level 5 in Dodging
  1438 | D:2      | Reached XP level 5. HP: 35/41 MP: 5/5
  1446 | D:2      | Noticed Natasha
  1452 | D:2      | Killed Natasha
  1714 | D:2      | Found a white marble altar of Elyvilon.
  1768 | D:2      | Found a basalt altar of Yredelemnul.
  1895 | D:2      | Found an ornate altar of the Wu Jian Council.
  2021 | D:2      | Found a glowing silver altar of Zin.
  2022 | D:2      | Found an ancient bone altar of Kikubaaqudgha.
  2066 | D:2      | Gained mutation: You are occasionally teleported next to monsters. [potion of mutation]
  2066 | D:2      | Gained mutation: Potions are less effective at restoring your health. [potion of mutation]
  2066 | D:2      | Gained mutation: You have sharp fingernails. [potion of mutation]
  2084 | D:3      | Noticed Jessica
  2086 | D:3      | Killed Jessica
  2086 | D:3      | Reached skill level 7 in Polearms
  2563 | D:3      | Found a faded altar of an unknown god.
  2777 | D:4      | Reached XP level 6. HP: 48/48 MP: 6/6
  2819 | D:4      | Reached skill level 4 in Fighting
  2840 | D:4      | Reached skill level 8 in Polearms
  2840 | D:4      | Reached skill level 6 in Dodging
  2978 | D:4      | Noticed Ijyb
  2985 | D:4      | Killed Ijyb
  3037 | D:4      | Reached XP level 7. HP: 55/55 MP: 7/7
  3640 | D:5      | Entered Level 5 of the Dungeon
  3690 | D:5      | Reached skill level 9 in Polearms
  3876 | D:5      | Reached skill level 5 in Fighting
  3899 | D:5      | HP: 12/56 [acid (7)]
  3958 | D:5      | HP: 14/56 [worker ant (1)]
  3965 | D:5      | HP: 13/56 [poisoned by a worker ant]
  3973 | D:5      | HP: 12/56 [poisoned by a worker ant]
  4461 | D:5      | Reached skill level 10 in Polearms
  4461 | D:5      | Reached skill level 7 in Dodging
  4461 | D:5      | Reached XP level 8. HP: 39/62 MP: 8/8
  5239 | D:6      | Noticed Pikel
  5264 | D:6      | Killed Pikel
  5264 | D:6      | Reached skill level 6 in Fighting
  5264 | D:6      | Reached skill level 11 in Polearms
  5264 | D:6      | Reached skill level 8 in Dodging
  5264 | D:6      | Reached XP level 9. HP: 61/71 MP: 9/9
  5788 | D:6      | Found a shimmering altar of Xom.
  5790 | D:6      | Found a sacrificial altar of Ru.
  5791 | D:6      | Found a burning altar of Makhleb.
  5791 | D:6      | Found a glowing golden altar of the Shining One.
  5888 | D:7      | Reached skill level 12 in Polearms
  6284 | D:7      | Found a staircase to the Ecumenical Temple.
  6308 | D:7      | Found a stormy altar of Qazlal.
  6354 | D:7      | Reached skill level 7 in Fighting
  6374 | D:7      | Reached skill level 9 in Dodging
  6763 | D:7      | Reached skill level 13 in Polearms
  6774 | Temple   | Entered the Ecumenical Temple
  6920 | Temple   | Became a worshipper of Trog the Wrathful
  7057 | D:8      | Found Elonus's General Store.
  7728 | D:8      | Reached * piety under Trog
  7890 | D:9      | Reached XP level 10. HP: 80/80 MP: 10/10
  7915 | D:9      | HP: 14/80 [orc priest/divine providence (14)]
  8253 | D:9      | Noticed a two-headed ogre
  8279 | D:8      | Killed a two-headed ogre
  8279 | D:8      | Reached skill level 8 in Fighting
  8279 | D:8      | Reached skill level 14 in Polearms
  8279 | D:8      | Reached skill level 10 in Dodging
  8647 | D:9      | Reached ** piety under Trog
  8979 | D:9      | Reached skill level 9 in Fighting
  9017 | D:10     | Entered Level 10 of the Dungeon
  9057 | D:10     | Noticed Grum
  9066 | D:10     | Reached skill level 11 in Dodging
  9070 | D:10     | Killed Grum
  9074 | D:10     | Reached skill level 1 in Armour
  9424 | D:10     | Found Xigeboat's Gadget Shop.
  9451 | D:10     | Found an ancient bone altar of Kikubaaqudgha.
  9469 | D:10     | Reached skill level 2 in Armour
  9486 | D:10     | Reached *** piety under Trog
 10065 | D:11     | Reached XP level 11. HP: 89/90 MP: 11/11
 10118 | D:11     | Noticed a cyclops
 10125 | D:11     | Killed a cyclops
 10125 | D:11     | Reached skill level 10 in Fighting
 10125 | D:11     | Reached skill level 12 in Dodging
 10229 | D:11     | Reached skill level 3 in Armour
 10424 | D:11     | Found Peixamis's Gadget Shop.
 10461 | D:11     | Noticed a manticore
 10482 | D:11     | Killed a manticore
 10770 | D:11     | Noticed Snorg
 10780 | D:11     | Killed Snorg
 10831 | D:11     | Reached skill level 4 in Armour
 10976 | D:11     | Found a staircase to the Lair.
 11303 | D:11     | Reached **** piety under Trog
 11363 | Lair:1   | Entered Level 1 of the Lair of Beasts
 11368 | Lair:1   | Noticed Urug
 11387 | Lair:1   | Killed Urug
 11387 | Lair:1   | Reached skill level 13 in Dodging
 11569 | Lair:1   | Reached skill level 11 in Fighting
 12686 | Lair:2   | Reached XP level 12. HP: 78/100 MP: 12/12
 12691 | Lair:2   | Reached skill level 5 in Armour
 12783 | Lair:2   | Noticed Gastronok
 12809 | Lair:2   | Killed Gastronok
 13257 | Lair:2   | Noticed a five-headed hydra
 13263 | Lair:2   | Killed a five-headed hydra
 13263 | Lair:2   | Reached skill level 14 in Dodging
 13344 | Lair:2   | Got a warped hand axe
 13670 | Lair:2   | Reached skill level 12 in Fighting
 14040 | Lair:3   | Noticed a four-headed hydra
 14050 | Lair:3   | Killed a four-headed hydra
 14055 | Lair:3   | Reached skill level 6 in Armour
 14311 | Lair:3   | Noticed Rupert
 14337 | Lair:3   | Killed Rupert
 14353 | Lair:3   | Reached skill level 15 in Dodging
 14356 | Lair:3   | Reached XP level 13. HP: 109/109 MP: 13/13
 14532 | Lair:3   | Reached skill level 7 in Armour
 14538 | Lair:3   | Reached skill level 13 in Fighting
 14961 | Lair:3   | Identified the Grimoire of the Traveller
 15147 | Lair:4   | Got a heavily runed leather armour
 15157 | Lair:4   | Found a staircase to the Swamp.
 15199 | Lair:4   | Got a fine robe
 15315 | Lair:4   | Found a hole to the Spider Nest.
 15442 | Lair:4   | Reached ***** piety under Trog
 16226 | Lair:5   | Found a labyrinth entrance.
 16236 | Lab      | Entered a labyrinth
 16291 | Lab      | Found an exit through the horrors of the Abyss.
 16543 | Lab      | Noticed a minotaur
 16554 | Lab      | Killed a minotaur
 16559 | Lab      | Got a warped broad axe {antimagic}
 16584 | Lab      | Got a steaming leather armour
 16584 | Lab      | Got a pitted silver ring
 16993 | Lair:5   | Reached skill level 16 in Dodging
 17212 | Lair:5   | Got a distressingly furry chain mail
 17214 | Lair:5   | Identified the cursed +1 chain mail of Ytuaceops {Str+3} (You found it on level 5 of the Lair of Beasts)
 17652 | Lair:1   | Identified the +6 broad axe "Ilytsub" {antimagic, Int+2} (You took it off a minotaur in a labyrinth)
 17653 | Lair:1   | Identified the +8 hand axe of Offence {drain, +Fly rPois Int+5 Dex+3} (You found it on level 2 of the Lair of Beasts)
 17737 | Lair:1   | Identified the +1 leather armour "Awoh" {*Slow rElec rF+++ rCorr} (You found it on level 4 of the Lair of Beasts)
 17747 | Lair:1   | Identified the cursed +1 leather armour of Wasted Space {Regen+} (You found it in a labyrinth)
 17765 | Lair:1   | Identified the ring of Liodd {+Inv SInv} (You found it in a labyrinth)
 17927 | Lair:6   | Entered Level 6 of the Lair of Beasts
 18125 | Lair:6   | Reached skill level 8 in Armour
 18466 | Lair:6   | Reached skill level 14 in Fighting
 18480 | Lair:6   | Received a gift from Trog
 18510 | Lair:6   | Noticed a fire dragon
 18552 | Lair:6   | Found a large runed door.
 18612 | Lair:6   | Reached XP level 14. HP: 84/120 MP: 14/14
 18618 | Lair:6   | HP: 29/120 [hell hound (10)]
 18670 | Lair:6   | HP: 25/120 [slime creature (15)]
 18696 | Lair:5   | HP: 21/120 [slime creature (11)]
 19105 | Lair:6   | Found a staircase to the Slime Pits.
 19339 | Lair:6   | Got an ancient great sword
 19612 | Lair:6   | Found a large runed door.
 19626 | Lair:6   | HP: 30/121 [six-headed hydra (2)]
 19636 | Lair:6   | HP: 16/121 [hippogriff (6)]
 19655 | Lair:6   | Lost mutation: You are occasionally teleported next to monsters. [potion of mutation]
 19655 | Lair:6   | Lost mutation: You have sharp fingernails. [potion of mutation]
 19655 | Lair:6   | Lost mutation: Potions are less effective at restoring your health. [potion of mutation]
 19655 | Lair:6   | Gained mutation: Armour fits poorly on your strangely shaped body. [potion of mutation]
 19655 | Lair:6   | Gained mutation: Your flesh is cold resistant. (rC+) [potion of mutation]
 19655 | Lair:6   | Gained mutation: You have a pair of small horns on your head. [potion of mutation]
 19655 | Lair:6   | Gained mutation: You evolve. [potion of mutation]
 20096 | Lair:6   | Reached skill level 17 in Dodging
 20117 | Lair:6   | Got an ancient platinum ring
 20119 | Lair:6   | Identified the ring of Econid {rCorr rN+} (You found it on level 6 of the Lair of Beasts)
 20121 | Lair:6   | Identified the cursed +0 great sword of Equivalence {drain, MR+ Str+2 Int+7 Dex-5} (You found it on level 6 of the Lair of Beasts)
 20830 | D:12     | Found a staircase to the Orcish Mines.
 20838 | D:12     | Received a gift from Trog
 21084 | D:12     | Reached skill level 9 in Armour
 21902 | Orc:1    | Entered Level 1 of the Orcish Mines
 22550 | Orc:2    | Entered Level 2 of the Orcish Mines
 22578 | Orc:2    | Found a frozen archway.
 22587 | IceCv    | Entered an ice cave
 22837 | IceCv    | Reached skill level 15 in Fighting
 23088 | IceCv    | Reached ****** piety under Trog
 23455 | IceCv    | HP: 32/184 [death yak (22)]
 23469 | IceCv    | HP: 35/184 [polar bear (5)]
 23835 | IceCv    | Noticed a white draconian
 23851 | IceCv    | Killed a white draconian
 23857 | IceCv    | Reached skill level 18 in Dodging
 23857 | IceCv    | Reached XP level 15. HP: 129/129 MP: 15/15
 23943 | Orc:2    | Paralysed by an orc sorcerer for 2 turns
 23971 | Orc:2    | Found Guvo's Jewellery Boutique.
 24107 | Orc:2    | Received a gift from Trog
 24135 | Orc:2    | Noticed an orc warlord
 24141 | Orc:2    | Reached skill level 10 in Armour
 24155 | Orc:2    | Killed an orc warlord
 24231 | Orc:2    | HP: 12/129 [orc knight/bolt (26)]
 24237 | Orc:1    | HP: 12/129 [poisoned by an orc warrior]
 24243 | Orc:1    | HP: 13/129 [poisoned by an orc warrior]
 24435 | Orc:1    | Gained mutation: You have a pair of horns on your head. [evolution]
 24694 | Orc:2    | Reached skill level 15 in Polearms
 24809 | Orc:2    | Found a staircase to the Elven Halls.
 24939 | Orc:2    | Found Cosoh's Antique Weapon Shop.
 25042 | Orc:2    | Found Zalluth's General Store.
 25050 | Orc:2    | Bought a scroll of acquirement for 676 gold pieces
 25052 | Orc:2    | Found the +2 pair of boots of the Assassin {Detection Stab+ Stlth++}
 25278 | Orc:2    | Found Haufricw's Antique Armour Shoppe.
 26246 | D:13     | Nilihum: ??antimagic
 26246 | D:13     | beem: antimagic[1/2]: A weapon brand which makes monsters sometimes lose a turn when they try to cast spells. Wielding it reduces max mp by 2/3, getting hit by it depletes mp. Works on everything that has non-divine spells, including demons, orbs of fire, electric golems, etc.
 26246 | D:13     | Nilihum: ??antimagic[2
 26246 | D:13     | beem: antimagic[2/2]: When a monster is hit with antimagic, the duration of its antimagic status is increased by 1d(damage*8/[monster HD + 1])-1 game turns. Whenever a monster tries to cast a susceptible spell, it has a 40/(40+[antimagic duration]) chance of succeeding.
 26606 | D:13     | Received a gift from Trog
 27264 | D:13     | Found a gate to the Vaults.
 27628 | D:13     | Noticed Nessos
 27634 | D:13     | HP: 20/130 [cyan ugly thing (16)]
 27640 | D:13     | HP: 23/130 [poisoned by Nessos]
 27645 | D:12     | HP: 27/130 [poisoned by Nessos]
 27651 | D:12     | HP: 32/130 [poisoned by Nessos]
 27659 | D:12     | HP: 32/130 [poisoned by Nessos]
 28010 | D:13     | Reached skill level 16 in Fighting
 28043 | D:13     | Killed Nessos
 28741 | D:14     | Found an ornate altar of the Wu Jian Council.
 28755 | D:14     | Reached skill level 16 in Polearms
 29024 | D:14     | Reached skill level 19 in Dodging
 29191 | D:14     | Received a gift from Trog
 29310 | D:14     | Noticed Frances
 29327 | D:14     | Killed Frances
 29338 | D:14     | Nilihum: ??frances
 29338 | D:14     | beem: frances[1/1]: The plural form of France, bearing a deep facial scar. Buffed in 0.12 to have a meaner spell set: throw icicle, summon demon, haste, and iron shot. Now hasted, earlier, slightly weaker Frederick.
 29705 | D:14     | You fall through a shaft!
 29705 | D:15     | Entered Level 15 of the Dungeon
 30090 | D:15     | Found an iron altar of Okawaru.
 30271 | D:15     | Reached XP level 16. HP: 139/139 MP: 5/16
 30306 | D:15     | HP: 29/139 [yaktaur captain (10)]
 30810 | D:15     | Reached skill level 17 in Polearms
 30909 | D:15     | Found a staircase to the Depths.
 30980 | D:15     | Found a portal to a secret trove of treasure.
 31608 | Swamp:1  | Entered Level 1 of the Swamp
 32656 | Swamp:2  | Reached skill level 18 in Polearms
 33125 | Swamp:2  | Received a gift from Trog
 33136 | Swamp:2  | Reached skill level 17 in Fighting
 33742 | Swamp:2  | Lost mutation: Armour fits poorly on your strangely shaped body. [evolution]
 34254 | Swamp:3  | Reached skill level 20 in Dodging
 34264 | Swamp:3  | Found a runed gate.
 34264 | Swamp:3  | Found a runed gate.
 34264 | Swamp:3  | Found a runed gate.
 34276 | Swamp:3  | Noticed Joev's ghost (adept CeFi)
 34306 | Swamp:3  | Received a gift from Trog
 34487 | Swamp:3  | Reached skill level 19 in Polearms
 34806 | Swamp:3  | Noticed a thorn hunter
 34824 | Swamp:3  | Killed a thorn hunter
 35172 | Swamp:4  | Entered Level 4 of the Swamp
 35184 | Swamp:4  | Reached XP level 17. HP: 147/147 MP: 5/17
 35221 | Swamp:4  | Found a runed gate.
 35221 | Swamp:4  | Found a runed gate.
 35221 | Swamp:4  | Found a runed gate.
 35222 | Swamp:4  | Noticed Eqorig's ghost (journeyman TrMo)
 35226 | Swamp:4  | Nilihum: ??ghost
 35226 | Swamp:4  | beem: ghost[1/6]: Ghosts get damage, hitpoints, resistances, speed (not move delay), and spells very closely based on the former adventurer. All player ghosts are immune to poison, asphyxiation, torment, and negative energy.
 35934 | Swamp:4  | Noticed the 27-headed Lernaean hydra
 36225 | Swamp:4  | Reached skill level 20 in Polearms
 36502 | Swamp:4  | Nilihum: ??lernaean
 36502 | Swamp:4  | beem: lernaean_hydra[1/3]: A 27-headed yellow hydra, placed in many of the Swamp endings (and only there). If you don't have very high AC/HP, don't use autoexplore around its Swamp:4 vault: !tv minmay killer=~lernaean 1. Was introduced in 0.6 but was in the code before that.
 36502 | Swamp:4  | Nilihum: ??lernaean[2
 36502 | Swamp:4  | beem: I don't have a page labeled lernaean[2] in my learndb.
 36502 | Swamp:4  | Nilihum: ??lernaean hydra[2
 36502 | Swamp:4  | beem: lernaean hydra[2/3]: Simulacra do five thousand damage with rC-.
 36502 | Swamp:4  | Nilihum: ??lernaean hydra[3
 36502 | Swamp:4  | beem: lernaean hydra[3/3]: araganzar (L18 DrMo) killed the pulsating lump shaped Lernaean hydra. (Swamp:5)
 36824 | Swamp:4  | Got a decaying rune of Zot
 37012 | Spider:1 | Entered Level 1 of the Spider Nest
 37232 | Spider:1 | Reached skill level 3 in Throwing
 37247 | Spider:1 | Received a gift from Trog
 37478 | Spider:1 | HP: 28/149 [disintegration (34)]
 37479 | Spider:1 | Blown up by an orb spider

Skill      XL: |  1  2  3  4  5  6  7  8  9 10 11 12 13 14 15 16 17 |
---------------+----------------------------------------------------+-----
Polearms       | 5 6 7 8 10 11 13 14 16 19 20 | 20.0
Fighting       | 3 4 5 6 7 9 11 12 14 15 16 17 | 17.8
Dodging        | 5 6 7 8 9 11 13 15 16 18 19 20 | 20.7
Armour         | 2 4 6 8 9 10 | 10.0
Throwing       | 3 |  3.2

Action                   |  1- 3 |  4- 6 |  7- 9 | 10-12 | 13-15 | 16-18 || total
-------------------------+-------+-------+-------+-------+-------+-------++-------
Melee: Trident           |   121 |   106 |   408 |   695 |   974 |   155 ||  2459
       Tailslap          |       |       |       |       |     2 |    55 ||    57
       Glaive            |       |       |       |       |   759 |   775 ||  1534
       Headbutt          |       |       |       |       |   259 |   210 ||   469
Throw: Javelin           |       |       |       |    31 |   229 |   188 ||   448
       Tomahawk          |       |       |       |       |   100 |   126 ||   226
Invok: Berserk           |       |       |     1 |    10 |    20 |     5 ||    36
       Trog's Hand       |       |       |       |     1 |     3 |       ||     4
       Brothers in Arms  |       |       |       |       |     3 |     1 ||     4
Evoke: Wand              |       |     1 |       |       |       |       ||     1
  Use: Potion            |     1 |     6 |     1 |     8 |     3 |       ||    19
       Scroll            |     1 |    12 |     3 |    12 |    21 |     7 ||    56
 Stab: Sleeping          |     5 |     4 |       |     1 |     2 |     3 ||    15
       Invisible         |       |     1 |       |     1 |       |       ||     2
       Distracted        |       |       |       |       |     1 |     1 ||     2
  Eat: Chunk             |     1 |     5 |    16 |    23 |    31 |     9 ||    85
       Ration            |       |       |       |     2 |    13 |     6 ||    21
Armor: Leather armour    |    21 |    15 |     2 |       |       |       ||    38
       Ring mail         |       |       |    45 |   119 |   231 |    54 ||   449
       Skin              |       |       |       |     5 |       |       ||     5
       Swamp dragon scal |       |       |       |       |       |   101 ||   101
Dodge: Dodged            |    59 |    52 |   179 |   467 |  1515 |   974 ||  3246

Vault maps used:
D:1:      lemuel_arrival_broad_hall
D:2:      wad_crossroads, kennysheep_ying_yang, lemuel_doored_altar,
          gammafunk_temple_overflow_pools, first_ration, uniq_natasha
D:3:      chequers_ecumenical_altar_simple, uniq_jessica
D:4:      uniq_ijyb
D:5:      supply_closet_lemuel
D:6:      chequers_temple_overflow_statue_of_worship, grunt_ministairs_1,
          uniq_pikel
D:7:      lemuel_crystal_altar, minmay_temple_entry_oklob, serial_bayou_pond_a
D:8:      serial_shops, nicolae_shop_crystal
D:10:     serial_shops, kennysheep_mini, basic_altar, uniq_grum
D:11:     lair_entry_dummy, serial_column_ruins, column_ruins_open_tiny,
          column_ruins_grid_1, column_ruins_open_small, serial_shops, shop,
          st_stairs_7, uniq_snorg
D:12:     kennysheep_orc_monster_closet_entryway, david_nohive_1
D:13:     david_vaults_5, uniq_nessos
D:14:     serial_bayou_pond_e, basic_altar, uniq_frances
D:15:     hangedman_depths_entry_civil_slaughter, enter_trove_5,
          okawaru_ov_weapons_minmay
Temple:   minmay_temple_bridge_abc
Lair:1:   minivault_27, uniq_urug
Lair:2:   minmay_holes, uniq_gastronok
Lair:3:   uniq_rupert
Lair:4:   lemuel_slime, swamp_mist_pool, spider_nest_entry_webs
Lair:5:   lab_entry_generic, infiniplex_staircase_pool_2
Lair:6:   cheibrodos_lair_end_hotspot, minmay_slime_entry_pillars,
          serial_bayou_shore_b
Swamp:1:  evilmike_swamp_ruin_wall
Swamp:2:  evilmike_swamp_ruin_house_1
Swamp:3:  gammafunk_ghost_hydra_chop, hangedman_swamp_cone
Swamp:4:  swamp_old_school, gammafunk_ghost_necromancy
Spider:1: guppyfry_hornet_nest
Orc:2:    grunt_orc_gardens, grunt_orc_garden, grunt_orc_garden,
          grunt_orc_garden, grunt_orc_garden, portal_ice_cave_entry_pillars_2
Lab:      labyrinth_spiral, labyrinth_skeletal_remains,
          nicolae_lab_flowing_pool, labyrinth_fake_exit, nicolae_lab_hexagon,
          lab_statue, nicolae_lab_dead_end
IceCv:    ice_cave_caverns_01

Table legend:
 A = Turns spent in this place as a percentage of turns spent in the entire game.
 B = Non-inter-level travel turns spent in this place as a percentage of non-inter-level travel turns spent in the entire game.
 C = Inter-level travel turns spent in this place as a percentage of turns spent in this place.
 D = Turns resting spent in this place as a percentage of non-inter-level travel turns spent in this place.
 E = Turns spent auto-exploring this place as a percentage of non-inter-level travel turns spent in this place.
 F = Non-inter-level travel turns spent in this place divided by the number of levels of this place that you've seen.
                   A       B       C       D       E      F
               +-------+-------+-------+-------+-------+----------------------
         Total | 100.0 | 100.0 |   4.2 |  34.5 |  40.9 | 1158.4
       Dungeon |  49.7 |  50.0 |   3.5 |  36.3 |  41.9 | 1198.2
        Temple |   0.5 |   0.5 |   0.0 |   0.0 |  75.9 | 174.0
          Lair |  23.7 |  22.7 |   7.9 |  25.5 |  52.3 | 1360.8
         Swamp |  14.3 |  14.7 |   2.0 |  34.7 |  35.9 | 1315.2
   Spider Nest |   0.7 |   0.8 |   0.0 |  20.6 |   7.2 | 277.0
  Orcish Mines |   6.4 |   6.4 |   4.7 |  41.8 |  32.7 | 1144.5
     Labyrinth |   1.2 |   1.2 |   0.0 |  46.8 |   0.0 | 436.0
      Ice Cave |   3.6 |   3.7 |   0.0 |  53.5 |   5.9 | 1336.0
               +-------+-------+-------+-------+-------+----------------------

Table legend:
 A = Kills in this place as a percentage of kills in entire the game.
 B = Kills by you in this place as a percentage of kills by you in the entire game.
 C = Kills by friends in this place as a percentage of kills by friends in the entire game.
 D = Other kills in this place as a percentage of other kills in the entire game.
 E = Experience gained in this place as a percentage of experience gained in the entire game.
 F = Experience gained in this place divided by the number of levels of this place that you have seen.
                   A       B       C       D       E      F
               +-------+-------+-------+-------+-------+----------------------
         Total | 100.0 | 100.0 | 100.0 | 100.0 | 100.0 | 6942.0
       Dungeon |  53.1 |  52.9 |  77.8 |   0.0 |  31.9 | 4582.3
          Lair |  16.2 |  16.3 |   0.0 |   0.0 |  20.9 | 7508.3
         Swamp |  14.6 |  14.7 |   0.0 |   0.0 |  28.7 | 15416.0
   Spider Nest |   3.1 |   3.2 |   0.0 |   0.0 |   4.6 | 9792.0
  Orcish Mines |   7.1 |   7.0 |  11.1 |   0.0 |   6.9 | 7469.5
     Labyrinth |   0.5 |   0.4 |  11.1 |   0.0 |   0.6 | 1339.0
      Ice Cave |   5.5 |   5.4 |   0.0 | 100.0 |   6.4 | 13683.0
               +-------+-------+-------+-------+-------+----------------------
